 Dungeon Crawl Stone Soup version 0.29.1-2-gbd0b4ee654 (webtiles) character file.

Game seed: 7391689605531256446

1565 H0rd4k the Insei (level 8, -5/57 HPs)
             Began as an Octopode Artificer on Nov 18, 2022.
             Slain by an ice beast (10 damage)
             ... on level 5 of the Dungeon.
             The game lasted 00:06:25 (6022 turns).

H0rd4k the Insei (Octopode Artificer)               Turns: 6022, Time: 00:06:25

Health: -5/57      AC:  9    Str: 11    XL:     8   Next: 89%
Magic:  15/15      EV: 13    Int: 16    God:
Gold:   204        SH:  0    Dex: 12    Spells: 16/16 levels left

rFire   x . .      SeeInvis .     - Unarmed
rCold   x x .      Faith    .   (no shield)
rNeg    . . .      Spirit   .   (helmet restricted)
rPois   +          Reflect  .   a - amulet of Elemental Vulnerability {rPois rF-- rC-- AC+8}
rElec   .          Harm     .   n - ring of protection from fire
rCorr   +          Rampage  .   g - ring of wizardry
Will    .....                   w - ring of resist corrosion
Stlth   +++.......              (no ring)
HPRegen 0.19/turn               (no ring)
MPRegen 0.14/turn               (no ring)
                                (no ring)
                                (no ring)

@: no status effects
A: almost no armour, amphibious, 8 rings, camouflage 1, gelatinous body 1,
(nimble swimmer 1), tentacles
a: no special abilities


You were on level 5 of the Dungeon.
You visited 1 branch of the dungeon, and saw 5 of its levels.

You collected 204 gold pieces.

Inventory:

Hand Weapons
 r - a +2 short sword of electrocution
Jewellery
 a - the amulet of Elemental Vulnerability (around mantle) {rPois rF-- rC-- AC+8}
   (You found it on level 3 of the Dungeon)

   [amulet of nothing]

   AC:        It affects your AC (+8).
   rF:        It makes you very vulnerable to fire.
   rC:        It makes you very vulnerable to cold.
   rPois:     It protects you from poison.
 g - a ring of wizardry (right tentacle)
 n - a ring of protection from fire (left tentacle)
 t - an amulet of the acrobat
 w - a ring of resist corrosion (on tentacle)
Wands
 b - a wand of flame (4) (quivered)
 c - a wand of charming (5)
Scrolls
 f - 2 scrolls of fear {unknown}
 l - 2 scrolls of enchant weapon {unknown}
 m - 3 scrolls of fog {unknown}
 o - 5 scrolls of identify {unknown}
 p - 2 scrolls of teleportation {unknown}
 x - 2 scrolls of enchant armour {unknown}
Potions
 d - a potion of lignification {unknown}
 e - 2 potions of attraction {unknown}
 h - 3 potions of curing {unknown}
 i - a potion of invisibility {unknown}
 j - a potion of magic {unknown}
 k - 2 potions of heal wounds {unknown}
 q - 2 potions of brilliance {unknown}
 s - a potion of resistance {unknown}
 u - 2 potions of haste {unknown}
 v - a potion of flight {unknown}


   Skills:
 + Level 6.3 Fighting
 - Level 1.4 Maces & Flails
 - Level 2.3 Dodging
 - Level 1.3 Stealth
 + Level 6.4 Unarmed Combat
 * Level 4.8 Spellcasting
 - Level 3.2 Evocations


You had 16 spell levels left.
You didn't know any spells.
Your spell library was empty.

Dungeon Overview and Level Annotations

Branches:
Dungeon (5/15)
 Temple: D:4-7

Altars:

Shops:
D:2 [

Annotations:
D:3 exclusion: downstairs
D:5 exclusion: upstairs


Innate Abilities, Weirdness & Mutations

You cannot wear most types of armour.
You are amphibious.
You can wear up to eight rings at the same time.
Your skin changes colour to match your surroundings (Stealth+).
Your rubbery body absorbs attacks. (AC +1, EV +1)
((You are camouflaged when in or above water. (Stealth+)))
You have tentacles for arms and can constrict up to eight enemies at once.


Message History

Your tentacle-slap misses the ice beast.
The ice beast is lightly wounded.
The ice beast misses you.
You barely miss the ice beast.
The ice beast is lightly wounded.
The ice beast barely misses you.
You tentacle-slap the ice beast.
The ice beast is moderately wounded.
The ice beast hits you but does no damage.
You bludgeon the ice beast! Your squeeze misses the ice beast.
The ice beast is heavily wounded.
The ice beast hits you. The ice beast freezes you!
You feel a terrible chill!
You completely miss the ice beast.
The ice beast is heavily wounded.
You completely miss the ice beast. Your squeeze misses the ice beast.
The ice beast is heavily wounded.
The ice beast hits you but does no damage.
You tentacle-slap the ice beast. Your squeeze misses the ice beast.
The ice beast is severely wounded.
The ice beast hits you. The ice beast freezes you!
You feel a terrible chill!
* * * LOW HITPOINT WARNING * * *
You tentacle-slap the ice beast.
The ice beast is severely wounded.
The ice beast hits you but does no damage.
Aiming: Throw Flame
Press: ? - help, Shift-Dir - straight line, f - ice beast
Aim: an ice beast (severely wounded, 71% to hit)
The puff of flame hits the ice beast.
The ice beast is severely wounded.
The ice beast hits you but does no damage.
Unknown command.
Aiming: Throw Flame
Press: ? - help, Shift-Dir - straight line, f/p - ice beast
Aim: an ice beast (severely wounded, 71% to hit)
The puff of flame hits the ice beast.
The ice beast melts!
The ice beast is almost dead.
The ice beast hits you.
* * * LOW HITPOINT WARNING * * *
The ice beast freezes you!
You feel a terrible chill!
You die...

#.. #.# #.# #.###### ###.#
#....... #...#########. #####
###........#<##. ....#
#...............
....##############.#.#[...#.#.##.
...).)..........@Y....<...#.#.##.
################.###.#.####+#.##.
# #..# #.#.# #.....#. # ...##
#.#.# #.....#. # ..## #.#.#
#.....'. # ### #.#.# #.รท...#. #
#.#.# #.....## # #^#)# #.....# #
#.#.# #.)...#


You could see an ice beast.

Vanquished Creatures
  Pikel (D:4)
  A black bear (D:5)
  2 ogres (D:5)
  A phantom (D:4)
  4 hounds
  2 orc priests
  A gnoll bouda (D:4)
  2 iguanas (D:5)
  9 adders
  18 gnolls
  3 worms
  3 dart slugs
  8 orcs
  3 endoplasms
  3 giant cockroaches (D:1)
  8 goblins
  5 hobgoblins
  5 jackals
  3 quokkas
  4 ball pythons
  4 bats
  5 frilled lizards (D:1)
  9 kobolds
  6 rats
110 creatures vanquished.

Vanquished Creatures (collateral kills)
  Eustachio (D:4)
  A phantom (D:4)
  A gnoll (D:4)
  An adder (D:4)
  An endoplasm (D:4)
5 creatures vanquished.

Vanquished Creatures (others)
  A gnoll (D:4)
1 creature vanquished.

Grand Total: 116 creatures vanquished

Notes
Turn   | Place    | Note
-------+----------+-------------------------------------------
     0 | D:1      | H0rd4k the Octopode Artificer began the quest for the Orb.
     0 | D:1      | Reached XP level 1. HP: 13/13 MP: 1/1
   119 | D:1      | Reached XP level 2. HP: 16/18 MP: 1/3
   122 | D:1      | Reached skill level 1 in Spellcasting
   402 | D:1      | Found a faded altar of an unknown god.
   404 | D:1      | Noticed a floating eye
   441 | D:1      | Noticed an eye of devastation
   446 | D:1      | Noticed a shining eye
   446 | D:1      | Noticed an eye of devastation
   508 | D:1      | Reached XP level 3. HP: 4/24 MP: 4/4
   510 | D:1      | Reached skill level 1 in Maces & Flails
  1043 | D:2      | Found Ziebimek's Antique Armour Shoppe.
  2227 | D:3      | Found the amulet of Elemental Vulnerability {rPois rF--
                  | rC-- AC+8}
  2243 | D:3      | Reached XP level 4. HP: 8/30 MP: 6/6
  2524 | D:3      | Reached XP level 5. HP: 33/36 MP: 8/8
  3033 | D:4      | Noticed Eustachio
  3033 | D:4      | Noticed a phantom
  3036 | D:4      | Noticed a lemure
  3036 | D:4      | Noticed a lemure
  3036 | D:4      | Noticed a lemure
  3046 | D:4      | Noticed Pikel
  3067 | D:4      | Killed a phantom
  3068 | D:4      | Reached skill level 1 in Unarmed Combat
  3082 | D:4      | Killed Eustachio
  3083 | D:4      | Reached XP level 6. HP: 37/43 MP: 10/10
  4002 | D:4      | Reached XP level 7. HP: 49/49 MP: 12/12
  4320 | D:4      | Killed Pikel
  4321 | D:4      | Reached skill level 5 in Fighting
  4321 | D:4      | Reached XP level 8. HP: 14/56 MP: 12/14
  4911 | D:5      | Entered Level 5 of the Dungeon
  5032 | D:5      | Reached skill level 5 in Unarmed Combat
  6022 | D:5      | Slain by an ice beast

Illustrated notes

Levels and vault maps discovered:
D:1:      shiori_shiawase, layout_loops_cross,
          hellmonk_ecumenical_altar_watching_god, nicolae_wormholes
D:2:      layout_basic, serial_shops, shop_fountains, minivault_24
D:3:      wander_river, layout_basic
D:4:      layout_basic, serial_park_tiny_pond, pf_guarded_unrand_woodcutter,
          uniq_eustachio, uniq_pikel
D:5:      layout_basic, grunt_dithmenos_smoke, nicolae_alphabet_shops,
          chequers_serial_rivers_large_a

Skill      XL: |  1  2  3  4  5  6  7  8 |
---------------+-------------------------+-----
Spellcasting   | 1 2 3 4 |  4.8
Maces & Flails | 1 |  1.4
Fighting       | 2 3 4 5 6 |  6.3
Unarmed Combat | 1 2 4 6 |  6.4
Dodging        | |  2.3
Stealth        | |  1.3
Evocations     | |  3.2

Action                   |  1- 3 |  4- 6 |  7- 9 || total
-------------------------+-------+-------+-------++-------
Melee: Club              |    82 |       |       ||    82
       Constrict         |    25 |    20 |    24 ||    69
       Tentacles         |    15 |    26 |    30 ||    71
       Unarmed           |    15 |    98 |   114 ||   227
       Punch             |       |     4 |     6 ||    10
Evoke: Wand              |       |    15 |    11 ||    26
 Stab: Sleeping          |    12 |     6 |     5 ||    23
Armor: Skin              |     6 |    43 |    33 ||    82
Dodge: Dodged            |    73 |    74 |    49 ||   196
